 Dungeon Crawl Stone Soup version 0.22.0 (webtiles) character file.

27 Matudinoluver the Conjurer (level 3, 0/16 HPs)
             Began as a Vine Stalker Conjurer on Sept 6, 2018.
             Killed from afar by a dart slug (6 damage)
             ... with a slug dart
             ... on level 2 of the Dungeon.
             The game lasted 00:14:33 (1292 turns).

Matudinoluver the Conjurer (Vine Stalker Conjurer)  Turns: 1292, Time: 00:14:34

Health: 0/16       AC:  2    Str: 10    XL:     3   Next: 10%
Magic:  0/7        EV: 12    Int: 15    God:
Gold:   53         SH:  0    Dex: 15    Spells: 5/6 levels left

rFire    . . .     SeeInvis .   f - +0 spear
rCold    . . .     Gourm    .   (no shield)
rNeg     . . .     Faith    .   a - +0 robe
rPois    .         Spirit   +   (no helmet)
rElec    .         Reflect  .   (no cloak)
rCorr    .         Harm     .   (no gloves)
MR       .....                  (no boots)
Stlth    ++........             (no amulet)
HPRegen  0.05/turn              (no ring)
MPRegen  0.10/turn              (no ring)

@: very slightly contaminated
A: fangs 2, magic shield, antimagic bite, no potion heal 3, rot immunity
a: no special abilities


You were on level 2 of the Dungeon.
You were not hungry.

You visited 1 branch of the dungeon, and saw 2 of its levels.

You collected 53 gold pieces.

Inventory:

Hand Weapons
 b - a +0 whip
 f - a +0 spear (weapon)
Armour
 a - a +0 robe (worn)
Scrolls
 d - a scroll of amnesia {unknown}
 e - 2 scrolls of identify
 g - a scroll of teleportation {unknown}
Potions
 h - a potion of might {unknown}
 i - a potion of degeneration {unknown}
Comestibles
 c - 6 rations
 j - 5 chunks of flesh


   Skills:
 + Level 0.1 Polearms
 + Level 1.8 Dodging
 + Level 2.6 Stealth
 + Level 2.3 Spellcasting
 + Level 4.6 Conjurations


You had 5 spell levels left.
You knew the following spells:

 Your Spells              Type           Power        Failure   Level  Hunger
a - Magic Dart            Conj           ###.         3%          1    #......

Your spell library contained the following spells:

 Spells                   Type           Power        Failure   Level  Hunger
 Iskenderun's Mystic Bla  Conj           ###.....     32%         4    #####..
 Fulminant Prism          Conj/Hex       #.........   63%         4    #####..
 Dazzling Spray           Conj/Hex       #.....       26%         3    ###....
 Force Lance              Conj/Tloc      #.......     63%         4    #####..
 Searing Ray              Conj           ###...       4%          2    ###....


Dungeon Overview and Level Annotations

Branches:
Dungeon (2/15)

Altars:


Innate Abilities, Weirdness & Mutations

You have extremely sharp teeth.
When hurt, damage is shared between your health and your magic reserves.
Your bite disrupts and absorbs the magic of your enemies.
Potions cannot restore your health.
You are immune to rotting.


Message History

Confirm with . or Enter, or press ? or * to list all spells.
Aiming: Magic Dart (safe; 3% risk of failure)
Press: ? - help, Shift-Dir - straight line, f/p - dart slug
Aim: a dart slug (severely wounded, clinging)
The magic dart hits the dart slug.
The dart slug is almost dead.
The dart slug launches a dart at you. The slug dart hits you!
Casting: Magic Dart (safe; 3% risk of failure)
Confirm with . or Enter, or press ? or * to list all spells.
Aiming: Magic Dart (safe; 3% risk of failure)
Press: ? - help, Shift-Dir - straight line, f/p - dart slug
Aim: a dart slug (almost dead, clinging)
The magic dart hits the dart slug.
The dart slug is almost dead.
The dart slug launches a dart at you. The slug dart hits you!
The dart slug launches a dart at you. The slug dart hits you!
You die...

#..#.# #.# ..... ...
#.#.# #.# #...###.###
#......... .#
#...###.########..###
#............@w......
#................####
#...###.##########
#...# #.# #...# #.#
#...# #.##
.###.#.###..##
..........รท..#
.............#


You could see a dart slug.

Vanquished Creatures
  2 dart slugs (D:1)
  A leopard gecko (D:1)
  A ball python (D:1)
  6 bats
  A giant cockroach (D:1)
  2 goblins
  3 hobgoblins
  3 frilled lizards (D:1)
  3 rats (D:1)
22 creatures vanquished.

Notes
Turn   | Place    | Note
-------+----------+-------------------------------------------
     0 | D:1      | Matudinoluver the Vine Stalker Conjurer began the quest for the Orb.
     0 | D:1      | Reached XP level 1. HP: 9/9 MP: 4/4
   250 | D:1      | Reached XP level 2. HP: 10/13 MP: 4/6
  1059 | D:2      | Reached XP level 3. HP: 16/16 MP: 4/7
  1292 | D:2      | Killed from afar by a dart slug

Action                   || total
-------------------------++-------
Melee: Whip              ||     5
       Spear             ||    20
       Bite              ||     4
 Cast: Magic Dart        ||    39
  Use: Potion            ||     2
       Scroll            ||     1
  Eat: Chunk             ||     2
Armor: Robe              ||     6
Dodge: Dodged            ||    35
